 Dungeon Crawl Stone Soup version 0.27.1 (webtiles) character file.

Game seed: 3196230028346381339

18 safid the Skirmisher (level 2, -5/27 HPs)
             Began as a Hill Orc Fighter on Sept 2, 2021.
             Slain by a gnoll (9 damage)
             ... on level 2 of the Dungeon.
             The game lasted 00:02:12 (1151 turns).

safid the Skirmisher (Hill Orc Fighter)             Turns: 1151, Time: 00:02:13

Health: -5/27      AC:  8    Str: 18    XL:     2   Next: 70%
Magic:  2/2        EV:  7    Int:  8    God:
Gold:   49         SH:  9    Dex: 10    Spells: 1/1 levels left

rFire    . . .     SeeInvis .   a - +0 war axe
rCold    . . .     Faith    .   c - +0 kite shield
rNeg     . . .     Spirit   .   b - +0 scale mail
rPois    .         Reflect  .   (no helmet)
rElec    .         Harm     .   (no cloak)
rCorr    .         Rampage  .   (no gloves)
Will     .....                  l - +0 pair of boots
Stlth    ..........             (no amulet)
HPRegen  0.09/turn              (no ring)
MPRegen  0.08/turn              (no ring)

@: mighty
A: no striking features
a: no special abilities


You were on level 2 of the Dungeon.
You visited 1 branch of the dungeon, and saw 2 of its levels.

You collected 49 gold pieces.

Inventory:

Hand Weapons
 a - a +0 war axe (weapon)
Armour
 b - a +0 scale mail (worn)
 c - a +0 kite shield (worn)
 l - a +0 pair of boots (worn)
Scrolls
 e - a scroll of teleportation {unknown}
 h - a scroll of immolation {unknown}
 i - a scroll of enchant weapon {unknown}
 k - a scroll of noise {unknown}
 m - a scroll of fear {unknown}
 n - a scroll of identify {unknown}
Potions
 f - a potion of degeneration {unknown}
 g - a potion of cancellation {unknown}
 j - a potion of mutation {unknown}


   Skills:
 + Level 3.9 Fighting
 + Level 3.0 Axes
 + Level 3.6 Armour
 + Level 3.6 Shields


You had one spell level left.
You didn't know any spells.
Your spell library was empty.

Dungeon Overview and Level Annotations

Branches:
Dungeon (2/15)

Altars:


Message History

You hit the bat.
You kill the bat!
No target in view!
A goblin comes into view. It is wielding a +0 club.
A goblin is nearby!
The goblin hits you with a +0 club.
You slash the goblin!
You kill the goblin!
No target in view!
Things that are here:
a +0 club; a goblin corpse
n - a scroll labelled WIORHU LAVESH 2 gnolls come into view.
A gnoll is wielding a +0 vorpal flail.
The gnoll shouts! x2; You hear a shout!
The gnoll moves out of view.
A gnoll comes into view. It is wielding a +0 flail.
The gnoll hits you with a +0 flail.
You barely miss the gnoll. You block the gnoll's attack.
A dart slug comes into view.
You barely miss the gnoll. You block the gnoll's attack.
The gnoll completely misses you.
You closely miss the gnoll. The gnoll hits you but does no damage.
You block the gnoll's attack.
You hit the gnoll but do no damage. You block the gnoll's attack.
You hit the gnoll but do no damage. The gnoll hits you but does no damage.
You block the gnoll's attack.
You barely miss the gnoll. You block the gnoll's attack.
You closely miss the gnoll. The gnoll hits you with a +0 flail.
The gnoll hits you but does no damage.
You closely miss the gnoll. You block the gnoll's attack.
You closely miss the gnoll. You block the gnoll's attack. x2
You hit the gnoll.
The gnoll is lightly wounded.
You block the gnoll's attack. The gnoll hits you with a +0 flail!
* * * LOW HITPOINT WARNING * * *
You feel very mighty all of a sudden. The gnoll hits you with a +0 flail.
* * * LOW HITPOINT WARNING * * *
The gnoll hits you with a +0 flail!
You die... #.....# .# #.....##. #....... ......# ..... .# wg.

#.#...#. #g#
#.#.#...# #@#
......#.. #.#
#.#..... #.# #.#.#.##
#.###.#.....
#.......#.########
######.#)#.........
#..............####
###......#.#..##.#
#........#.#..##.####


You could see 2 gnolls and a dart slug.

Vanquished Creatures
  A dart slug (D:1)
  2 ball pythons (D:2)
  A bat (D:2)
  3 endoplasms
  A giant cockroach (D:2)
  3 goblins
  A quokka (D:2)
  2 kobolds
14 creatures vanquished.

Vanquished Creatures (others)
  A frilled lizard (D:2)
1 creature vanquished.

Grand Total: 15 creatures vanquished

Notes
Turn   | Place    | Note
-------+----------+-------------------------------------------
     0 | D:1      | safid the Hill Orc Fighter began the quest for the Orb.
     0 | D:1      | Reached XP level 1. HP: 19/19 MP: 1/1
   471 | D:1      | Reached XP level 2. HP: 27/27 MP: 2/2
   683 | D:1      | Found a faded altar of an unknown god.
   683 | D:1      | Noticed a hellwing
  1151 | D:2      | Slain by a gnoll

Illustrated notes

Levels and vault maps discovered:
D:1:      dpeg_arrival_more_subterranean_lakeside_camping, layout_loops_ring,
          dreamdust_ecumenical_altar_sealed_demon
D:2:      cheibrodos_pilgrimage, layout_basic, basic_altar, kennysheep_nub,
          lemuel_old_faithful

Skill      XL: |  1  2 |
---------------+-------+-----
Axes           | 3 |  3.0
Fighting       | |  3.9
Armour         | |  3.6
Shields        | |  3.6

Action                   || total
-------------------------++-------
Melee: War axe           ||    47
  Use: Potion            ||     1
Armor: Scale mail        ||    20
Dodge: Dodged            ||    10
Block: Kite shield       ||    29
